 Dungeon Crawl Stone Soup version 0.18.1-6-gd335043 (webtiles) character file.

2702 oplop the Jinx (level 9, -2/65 HPs)
             Began as a Vampire Enchanter on May 18, 2016.
             Was a Believer of Ashenzari.
             Slain by a black bear (4 damage)
             ... on level 8 of the Dungeon.
             The game lasted 00:18:05 (6857 turns).

oplop the Jinx (Vampire Enchanter)                  Turns: 6857, Time: 00:18:05

Health: -2/65      AC:  4    Str:  7      XL:     9   Next: 38%
Magic:  15/18      EV: 16    Int: 15 (16) God:    Ashenzari [**....]
Gold:   347        SH:  0    Dex: 16 (17) Spells: 5 memorised, 8 levels left

rFire  + . .     SeeInvis +     a - +1 dagger
rCold  + . .     Gourm    .     b - +1 robe
rNeg   + + .     Faith    .     (no shield)
rPois  +         Spirit   .     (helmet restricted)
rElec  .         Dismiss  .     (no cloak)
rCorr  .         Reflect  .     (no gloves)
SustAt .         Harm     .     A - +0 pair of boots
MR     +....                    e - amulet of inaccuracy (curse)
Stlth  ++++......               i - ring of protection from fire
                                r - ring of protection from magic

@: regenerating slowly, somewhat resistant to hostile enchantments, stealthy
A: antennae 1, fangs 3, see invisible, dopey 1, mutation resistance 1,
unbreathing
a: Bat Form, Curse Item, Scrying, Renounce Religion


You were on level 8 of the Dungeon.
You worshipped Ashenzari.
Ashenzari was pleased with you.
You were thirsty.

You visited 1 branch of the dungeon, and saw 8 of its levels.

You collected 347 gold pieces.

Inventory:

Hand Weapons
 a - a +1 dagger (weapon)
Armour
 b - a +1 robe (worn)
 A - a +0 pair of boots (worn)
Jewellery
 e - a cursed amulet of inaccuracy (around neck)
 i - a ring of protection from fire (right hand)
 r - a ring of protection from magic (left hand)
 z - an uncursed ring of fire
Wands
 d - a wand of slowing (22/48)
 k - a wand of teleportation (2/9)
 m - a wand of digging (11/24)
 D - a wand of slowing (21/48)
Scrolls
 h - 2 scrolls of magic mapping {unknown}
 j - 3 scrolls of teleportation
 l - 2 scrolls of immolation {unknown}
 o - 2 scrolls of fog {unknown}
 p - a scroll of blinking {unknown}
 q - a scroll of fear {unknown}
 s - 3 scrolls of random uselessness {unknown}
 v - 4 scrolls of remove curse
 w - a scroll of noise {unknown}
 y - 2 scrolls of enchant weapon {unknown}
 B - a scroll of identify
 E - a scroll of vulnerability {unknown}
Potions
 f - 3 potions of might
 g - 5 potions of blood
 n - a potion of magic
 t - a potion of agility
 u - a potion of heal wounds
 x - a potion of resistance
 C - a potion of haste
Books
 c - a book of Maledictions

   Spells                             Type                      Level
   a - Corona                         Hexes                        1
   b - Ensorcelled Hibernation        Hexes/Ice                    2
   c - Confuse                        Hexes                        3
   d - Tukima's Dance                 Hexes                        3
   e - Dazzling Spray                 Conjuration/Hexes            3


   Skills:
 + Level 3.8 Fighting
 + Level 6.3 Short Blades
 + Level 7.0 Dodging
 - Level 6.3 Stealth
 + Level 6.1 Spellcasting
 - Level 8.4 Hexes


You had 8 spell levels left.
You knew the following spells:

 Your Spells              Type           Power        Failure   Level  Hunger
a - Corona                Hex            ####...      1%          1    None
b - Ensorcelled Hibernat  Hex/Ice        ###...       4%          2    #......
c - Confuse               Hex            ####....     1%          3    ##.....
d - Tukima's Dance        Hex            ####....     1%          3    ##.....
e - Dazzling Spray        Conj/Hex       ###.....     10%         3    ##.....


Dungeon Overview and Level Annotations

Branches:
Dungeon (8/15)             Temple (0/1) D:5
   Lair: D:8-11

Altars:
Ashenzari
Okawaru
Qazlal
Ru
Sif Muna
Trog
Vehumet
Xom
Yredelemnul
The Shining One

Annotations:
D:2 exclusion: door, Terence
D:6 3 exclusions


Innate Abilities, Weirdness & Mutations

You heal slowly.
You have razor-sharp teeth.
You have supernaturally acute eyesight.
You can survive without breathing.
You have a pair of small antennae on your head.
You are dopey. (Int -2)
You are somewhat resistant to further mutation.


Message History

The black bear claws you but does no damage.
The black bear closely misses you. The ogre misses you.
The centaur shoots an arrow.
The arrow hits you.
* * * LOW HITPOINT WARNING * * *
You fail to use your ability.
The black bear bites you!
* * * LOW HITPOINT WARNING * * *
The black bear claws you but does no damage.
The black bear closely misses you.
The centaur shoots an arrow.
The arrow misses you.
The ogre hits you with a giant spiked club!
* * * LOW HITPOINT WARNING * * *
Casting: Confuse
Confirm with . or Enter, or press ? or * to list all spells.
Aiming: Confuse
Press: ? - help, Shift-Dir - straight line, f - centaur
Aim: a centaur, wielding a shortbow (chance to defeat MR: 59%)
The centaur appears confused.
You are feeling thirsty.
The black bear closely misses you. x2; The black bear claws you.
You die...

#....# , #....# #.. #....#
*##.. #....# .....
#....###### ......
#...c.....# #......
#.........#######.. ........
#...........O...............
#..........@h...............
#...........(...... ........
#................#####......
#.........########...#......
#.........'.....#....#......
#........[#.....#....#......
#.........#.....'....#......
#†........#.....##...#......
#.........#.....##...#......


You could see a black bear, an ogre and a centaur (confused).

Vanquished Creatures
  A dancing weapon (D:7)
  A hippogriff (D:7)
  An orc warrior (D:7)
  3 black bears
  An ice beast (D:8)
  2 phantoms
  A sky beast (D:8)
  3 ogres
  A crocodile (D:8)
  A big kobold (D:8)
  2 giant frogs
  A scorpion (D:7)
  A water moccasin skeleton (D:6)
  6 killer bees
  2 howler monkeys (D:8)
  3 crimson imps
  A centaur zombie (D:5)
  A quasit (D:8)
  4 hounds
  2 orc wizards (D:7)
  2 orc priests
  A giant frog skeleton (D:5)
  2 iguanas (D:5)
  Natasha (D:2)
  8 worker ants
  A hound zombie (D:7)
  A howler monkey zombie (D:8)
  5 adders
  4 shadow imps
  5 adder skeletons
  2 worms
  2 dart slugs
  3 giant geckos
  11 orcs
  8 giant cockroaches
  4 goblins
  4 hobgoblins
  5 jackals
  5 kobolds
  A quokka (D:3)
  A ball python (D:1)
  6 bats
  10 giant newts
  A goblin zombie (D:6)
  A kobold skeleton (D:6)
  5 rats
137 creatures vanquished.

Vanquished Creatures (collateral kills)
  An orc priest (D:7)
1 creature vanquished.

Vanquished Creatures (others)
  A scorpion (D:4)
  An adder (D:4)
  2 orcs
  A ball python skeleton (D:4)
5 creatures vanquished.

Grand Total: 143 creatures vanquished

Notes
Turn   | Place    | Note
--------------------------------------------------------------
     0 | D:1      | oplop the Vampire Enchanter began the quest for the Orb.
     0 | D:1      | Reached XP level 1. HP: 13/13 MP: 3/3
   322 | D:1      | Reached XP level 2. HP: 15/19 MP: 3/5
   400 | D:1      | Learned a level 2 spell: Ensorcelled Hibernation
   410 | D:2      | Reached skill level 5 in Hexes
   640 | D:2      | Noticed Terence
   708 | D:2      | Wingboner: Оплоп, чего тебя на вампиров пробило?
   717 | D:2      | oplop: хз
   717 | D:2      | Wingboner: Не хочешь сделать что-то попроще?
   717 | D:2      | oplop: например?
   780 | D:2      | Wingboner: Ну. Орки-минотавры-тролли-дорфы...
   789 | D:2      | Wingboner: Девочки.
   867 | D:2      | oplop: скучно
   905 | D:2      | oplop: теренс охуел наверное уже
   941 | D:2      | oplop: интересно, скороя проголодаюсь?
   986 | D:1      | Reached skill level 5 in Stealth
  1242 | D:2      | Reached XP level 3. HP: 14/24 MP: 1/6
  1354 | D:2      | Found a basalt altar of Yredelemnul.
  1420 | D:2      | Found a radiant altar of Vehumet.
  1429 | D:2      | Learned a level 3 spell: Confuse
  1470 | D:2      | Noticed Natasha
  1478 | D:2      | Killed Natasha
  1622 | D:3      | Reached XP level 4. HP: 30/30 MP: 4/7
  1633 | D:3      | Found a shattered altar of Ashenzari.
  1639 | D:3      | Found an iron altar of Okawaru.
  1640 | D:3      | Became a worshipper of Ashenzari the Shackled
  1756 | D:3      | namelastname112: http://puu.sh/oWQtS/433361cdac.jpg
  1757 | D:3      | Found a faded altar to an unknown god.
  1779 | D:3      | namelastname112: Place: Dungeon:5
  2197 | D:3      | Wingboner: Это максвелл?
  2197 | D:3      | Wingboner: Не знаю тайла.
  2276 | D:3      | oplop: помоему просто цпа
  2337 | D:3      | oplop: алсо у нас аше нету в винах
  2337 | D:3      | oplop: и вампира нету
  2399 | D:3      | Reached skill level 6 in Hexes
  2445 | D:3      | Wingboner: А тенгу есть?
  2450 | D:3      | oplop: нет
  2450 | D:3      | oplop: я на тенгу пробовал
  2450 | D:3      | oplop: много пробовал
  2450 | D:3      | oplop: никак
  2490 | D:3      | namelastname112: цпа это
  2518 | D:3      | Wingboner: Ну если я сейчас не загнусь, то будет тенгу.
  2557 | D:4      | Wingboner: Кстати имба в начале игры.
  2557 | D:4      | Reached XP level 5. HP: 35/35 MP: 7/9
  2589 | D:4      | Noticed a phantom
  2594 | D:4      | Wingboner: TeTm
  2597 | D:4      | oplop: додж чтоле?
  2603 | D:4      | Wingboner: Да. Дикий.
  2604 | D:4      | Killed a phantom
  2612 | D:4      | Noticed an ogre
  2642 | D:4      | Killed an ogre
  2642 | D:4      | Reached XP level 6. HP: 41/41 MP: 2/11
  2689 | D:4      | Found a shimmering altar of Xom.
  2908 | D:4      | Reached skill level 7 in Hexes
  2963 | D:4      | namelastname112: купил в магазе гловинг даггер
  2973 | D:4      | namelastname112: оказался +5 элека
  3022 | D:4      | Found a deep blue altar of Sif Muna.
  3056 | D:4      | namelastname112: ну ладно
  3178 | D:4      | oplop: хаха
  3178 | D:4      | oplop: нормас
  3187 | D:5      | Entered Level 5 of the Dungeon
  3306 | D:5      | Reached * piety under Ashenzari
  3353 | D:5      | Found a stormy altar of Qazlal.
  3450 | D:5      | Reached XP level 7. HP: 46/46 MP: 5/12
  3570 | D:5      | namelastname112: блять
  3603 | D:5      | namelastname112: а теперь в магазе +10 лыжа скорости
  3630 | D:5      | namelastname112: с рф++
  3639 | D:5      | Wingboner: Лол!
  3639 | D:5      | oplop: бери лыжу
  3639 | D:5      | oplop: или спригган не может?
  3639 | D:5      | Wingboner: Да тут без вариантов.
  3639 | D:5      | Wingboner: Как раз может.
  3639 | D:5      | oplop: ну вот
  3639 | D:5      | oplop: это ж разъеб ебал
  3671 | D:5      | Found a staircase to the Ecumenical Temple.
  4413 | D:6      | Reached skill level 8 in Hexes
  4480 | D:6      | Found a sacrificial altar of Ru.
  4638 | D:6      | Found a glowing golden altar of the Shining One.
  4853 | D:7      | Learned a level 3 spell: Tukima's Dance
  4857 | D:7      | Learned a level 3 spell: Dazzling Spray
  4896 | D:7      | Noticed a hippogriff
  5288 | D:6      | Gained mutation: You have a pair of small antennae on your head. [potion of mutation]
  5288 | D:6      | Gained mutation: You are somewhat resistant to further mutation. [potion of mutation]
  5288 | D:6      | Gained mutation: You are dopey. (Int -2) [potion of mutation]
  5312 | D:7      | Reached XP level 8. HP: 31/52 MP: 14/14
  5350 | D:7      | Reached ** piety under Ashenzari
  5400 | D:7      | Reached skill level 5 in Dodging
  5606 | D:7      | Reached skill level 1 in Fighting
  5767 | D:7      | Reached skill level 5 in Spellcasting
  5825 | D:7      | Reached skill level 5 in Short Blades
  6185 | D:7      | Reached XP level 9. HP: 9/63 MP: 0/17
  6331 | D:8      | Found a bloodstained altar of Trog.
  6856 | D:8      | HP: 2/65 [ogre/giant spiked club (7)]
  6857 | D:8      | Slain by a black bear

Skill      XL: |  1  2  3  4  5  6  7  8  9 |
---------------+----------------------------+-----
Hexes          | 5 6 7 8 |  8.4
Stealth        | 5 6 |  6.3
Short Blades   | 2 4 5 6 |  6.3
Dodging        | 3 4 6 7 |  7.0
Spellcasting   | 3 4 5 6 |  6.1
Fighting       | 3 |  3.8

Action                   |  1- 3 |  4- 6 |  7- 9 || total
-------------------------+-------+-------+-------++-------
Melee: Dagger            |   100 |   136 |   189 ||   425
       Bite              |     5 |    11 |    13 ||    29
 Cast: Corona            |    12 |       |       ||    12
       Ensorcelled Hiber |    14 |    13 |    48 ||    75
       Confuse           |       |    11 |    31 ||    42
       Tukima's Dance    |       |       |     2 ||     2
 Abil: End Transformatio |       |     1 |     3 ||     4
       Bat Form          |       |     1 |     3 ||     4
  Use: Scroll            |     2 |       |     5 ||     7
       Potion            |       |     2 |     9 ||    11
 Stab: Sleeping          |    21 |    27 |    39 ||    87
       Confused          |       |    11 |    17 ||    28
       Distracted        |       |       |     2 ||     2
  Eat: Corpse            |     3 |       |       ||     3
Armor: Robe              |    27 |    17 |    20 ||    64
Dodge: Dodged            |    56 |    54 |   150 ||   260
